 Dungeon Crawl Stone Soup version 0.28.0-47-ge53b351184 (webtiles) character file.

Game seed: 18009707208523498106

466 Gabide the Grave Robber (level 6, -3/46 HPs)
             Began as a Mummy Necromancer on Apr 28, 2022.
             Slain by a kobold brigand
             ... wielding a +0 whip
              (7 damage)
             ... on level 4 of the Dungeon.
             The game lasted 00:07:30 (4564 turns).

Gabide the Grave Robber (Mummy Necromancer)         Turns: 4564, Time: 00:07:31

Health: -3/46      AC:  3    Str: 12    XL:     6   Next: 81%
Magic:  0/21       EV: 12    Int: 16    God:
Gold:   154        SH:  0    Dex: 12    Spells: 2/14 levels left

rFire   . . .      SeeInvis .   b - +0 quarterstaff
rCold   + . .      Faith    .   (shield currently unavailable)
rNeg    + + +      Spirit   .   a - +0 robe
rPois   ∞          Reflect  .   d - +0 helmet
rElec   .          Harm     .   (no cloak)
rCorr   .          Rampage  .   (no gloves)
Will    .....                   (no boots)
Stlth   ++........              (no amulet)
HPRegen 0.15/turn               i - ring of magical power
MPRegen 0.17/turn               e - ring of protection from fire

@: about to teleport
A: cold resistance 1, negative energy resistance 3, torment resistance 2, heat
vulnerability 1, no potions
a: no special abilities


You were on level 4 of the Dungeon.
You visited 1 branch of the dungeon, and saw 4 of its levels.

You collected 154 gold pieces.

Inventory:

Hand Weapons
 b - a +0 quarterstaff (weapon)
Armour
 a - a +0 robe (worn)
 d - a +0 helmet (worn)
Jewellery
 e - a ring of protection from fire (right hand)
 i - a ring of magical power (left hand)
Scrolls
 f - a scroll of fog
 g - a scroll of enchant armour
 h - a scroll of holy word {unknown}


   Skills:
 * Level 2.8 Fighting
 + Level 1.3 Staves
 * Level 3.1 Dodging
 + Level 2.6 Stealth
 * Level 4.6 Spellcasting
 * Level 5.1 Necromancy


You had 2 spell levels left.
You knew the following spells:

 Your Spells              Type           Power      Damage    Failure   Level
a - Pain                  Necr           80%        1d8       1%          1
b - Vampiric Draining     Necr           20%        2d7       6%          3
c - Blink                 Tloc           6%         N/A       24%         2
d - Corpse Rot            Necr/Air       22%        N/A       9%          2
e - Animate Dead          Necr           10%        N/A       19%         4

Your spell library contained the following spells:

 Spells                   Type           Power      Damage    Failure   Level
 Animate Skeleton         Necr           40%        N/A       1%          1
 Magic Dart               Conj           12%        1d3       16%         1
 Shock                    Conj/Air       12%        1d3       16%         1
 Ensorcelled Hibernation  Hex/Ice        6%         N/A       24%         2
 Lesser Beckoning         Tloc           3%         N/A       43%         3
 Mephitic Cloud           Conj/Pois/Air  3%         N/A       43%         3
 Agony                    Necr           20%        N/A       47%         5
 Anguish                  Hex/Necr       5%         N/A       50%         4
 Airstrike                Air            1%         N/A       85%         4
 Freezing Cloud           Conj/Ice/Air   1%         6-21      99%         5
 Manifold Assault         Tloc           3%         N/A       99%         5
 Spider Form              Tmut/Pois      Unusable   N/A       N/A         3

Dungeon Overview and Level Annotations

Branches:
Dungeon (4/15)
 Temple: D:4-7

Altars:
Fedhas
Wu Jian


Innate Abilities, Weirdness & Mutations

You are immune to poison.
Your flesh is cold resistant. (rC+)
You are immune to negative energy. (rN+++)
You are immune to unholy pain and torment.
You are vulnerable to heat. (rF-)
You do not drink.


Message History

The kobold brigand hits you with a +0 whip.
The kobold brigand writhes in agony!
The kobold brigand closely misses you.
You hit the kobold brigand.
The kobold brigand is severely wounded.
The kobold brigand hits you with a +0 whip!
You completely miss the kobold brigand.
The kobold brigand is severely wounded.
The kobold brigand hits you with a +0 whip.
* * * LOW HITPOINT WARNING * * *
You are too injured to fight recklessly!
Aiming: Pain (safe; 1% risk of failure)
Press: ? - help, Q - select action, (/) - cycle Shift-Dir - straight line, f/p - kobold brigand
Aim: a kobold brigand, wielding a +0 whip and quivering poisoned darts (severely wounded, chance to affect: 78%)
The kobold brigand barely resists.
The kobold brigand completely misses you.
You hit the kobold brigand.
The kobold brigand is severely wounded.
The kobold brigand hits you with a +0 whip.
* * * LOW HITPOINT WARNING * * *
The kobold brigand hits you but does no damage.
There is a huge open gate here.
Things that are here:
a +0 club; a +0 leather armour
Aiming: Pain (safe; 1% risk of failure)
Press: ? - help, Q - select action, (/) - cycle Shift-Dir - straight line, f/p - kobold brigand
Aim: a kobold brigand, wielding a +0 whip and quivering poisoned darts (severely wounded, chance to affect: 78%)
The kobold brigand writhes in agony.
The kobold brigand hits you with a +0 whip.
* * * LOW HITPOINT WARNING * * *
Okay, then.
Sorry, you're not good enough to have a special ability.
Casting: Pain (safe; 1% risk of failure)
Confirm with . or Enter, or press ? or * to list all spells.
Okay, then.
Unknown command.
Unknown command.
As you read the scroll labelled JERHAI YFRI, it crumbles to dust.
You feel strangely unstable.
It was a scroll of teleportation.
The kobold brigand hits you with a +0 whip!
You die...

.'....' '....' #....# #....#
#....# #..†.# +# #....# #
.#############''K'####### #.
.#..............@........ #..
##≈≈≈≈≈≈≈≈≈≈≈≈....≈≈≈≈≈≈≈ ≈###
≈≈≈≈≈≈≈)≈≈≈≈≈≈....≈≈≈≈≈≈≈ ≈≈≈≈
≈≈≈≈≈≈≈≈≈≈≈≈≈≈.)..≈≈≈≈≈≈≈ ≈≈≈≈
.÷.............)..)...... ....
.####.#.###.#.)...##.###.########
)# #.#.###)#.###.# .# #.....[...
.# #..#........#.# # #######...
.# ###.###†#.#.#.# #.##


You could see a kobold brigand.

Vanquished Creatures
  An ogre (D:3)
  3 hounds (D:4)
  A jelly (D:4)
  A bullfrog skeleton (D:4)
  An orc wizard (D:4)
  A hound skeleton (D:4)
  4 gnolls (D:4)
  4 adders (D:4)
  2 worms (D:3)
  A dart slug (D:2)
  14 orcs
  8 endoplasms
  2 giant cockroaches
  8 goblins
  7 hobgoblins
  12 jackals
  6 quokkas
  6 ball pythons
  5 bats
  7 frilled lizards
  7 kobolds
  7 rats
108 creatures vanquished.

Notes
Turn   | Place    | Note
-------+----------+-------------------------------------------
     0 | D:1      | Gabide the Mummy Necromancer began the quest for the Orb.
     0 | D:1      | Reached XP level 1. HP: 13/13 MP: 4/4
   226 | D:1      | Reached XP level 2. HP: 20/20 MP: 2/5
   836 | D:1      | Reached skill level 1 in Fighting
   953 | D:1      | Reached XP level 3. HP: 26/26 MP: 4/7
  1739 | D:2      | Found a faded altar of an unknown god.
  1748 | D:2      | Got Plato's Catalogue of Battle Magic
  2263 | D:3      | Reached XP level 4. HP: 32/32 MP: 1/8
  2889 | D:3      | Learned a level 3 spell: Vampiric Draining
  2892 | D:3      | Learned a level 2 spell: Blink
  3171 | D:4      | Noticed an ogre
  3231 | D:3      | Identified a scroll of acquirement
  3234 | D:3      | Acquired the Papyrus of Floating Envenoming
  3244 | D:3      | Killed an ogre
  3245 | D:3      | Reached XP level 5. HP: 38/38 MP: 6/10
  3645 | D:4      | Reached skill level 1 in Staves
  3706 | D:4      | Learned a level 2 spell: Corpse Rot
  3711 | D:4      | Learned a level 4 spell: Animate Dead
  3844 | D:4      | Found an ornate altar of the Wu Jian Council.
  3844 | D:4      | Found a blossoming altar of Fedhas.
  4118 | D:4      | Reached XP level 6. HP: 36/44 MP: 8/12
  4390 | D:4      | Reached skill level 5 in Necromancy
  4564 | D:4      | Slain by a kobold brigand

Illustrated notes

Levels and vault maps discovered:
D:1:      lemuel_arrival_tunnels, layout_basic
D:2:      layout_rooms, shapermc_ecumenical_altar_rom_forum
D:3:      minmay_general_purpose_star, layout_basic
D:4:      lemuel_castle_with_subvaults [lemuel_castle_interior_carwin_2],
          layout_loops_ring, gammafunk_temple_overflow_statue

Skill      XL: |  1  2  3  4  5  6 |
---------------+-------------------+-----
Spellcasting   | 3 4 |  4.6
Fighting       | 1 2 |  2.8
Dodging        | 2 3 |  3.1
Stealth        | 2 |  2.6
Staves         | 1 |  1.3
Necromancy     | 5 |  5.1

Action                   |  1- 3 |  4- 6 || total
-------------------------+-------+-------++-------
Melee: Quarterstaff      |    15 |    28 ||    43
 Cast: Pain              |   103 |   125 ||   228
       Vampiric Draining |       |    16 ||    16
  Use: Scroll            |       |     5 ||     5
Armor: Robe              |     7 |     5 ||    12
Dodge: Dodged            |    31 |    45 ||    76
